 Dungeon Crawl Stone Soup version 0.16.1-11-g651b585 (webtiles) character file.

60 Chiseanne the Skirmisher (level 3, -3/33 HPs)
             Began as a Centaur Abyssal Knight on Apr 7, 2015.
             Was a Follower of Lugonu.
             Slain by Crazy Yiuf
             ... wielding a +3 quarterstaff of chaos
              (14 damage)
             ... on level 2 of the Dungeon on Apr 8, 2015.
             The game lasted 00:04:30 (1264 turns).

Chiseanne the Skirmisher (Centaur Abyssal Knight)   Turns: 1264, Time: 00:04:30

Health: -3/33      AC:  8    Str: 14    XL:     3   Next: 80%
Magic:  4/4        EV:  3    Int: 11    God:    Lugonu [*.....]
Gold:   25         SH:  0    Dex:  9    Spells: 0 memorised, 2 levels left

rFire  . . .     SeeInvis .     a - +2 falchion
rCold  . . .     Clarity  .     e - +0 chain mail (curse)
rNeg   + . .     SustAb   .     b - +0 buckler
rPois  .         Gourm    .     (no helmet)
rElec  .         Spirit   .     (no cloak)
rCorr  .         Warding  +     f - +0 pair of gloves
rMut   .         Stasis   .     (no barding)
MR     .....                    g - amulet of warding
Stlth  ..........               (no ring)
                                (no ring)

@: confused, lethally poisoned (-3 -> -8), drained, very quick, not resistant to
hostile enchantments, extremely unstealthy
A: hooves 3, deformed body, speed 2, tough skin 3
a: Depart the Abyss, Renounce Religion


You were on level 2 of the Dungeon.
You worshipped Lugonu.
Lugonu was aware of your devotion.
You were not hungry.

You visited 1 branch of the dungeon, and saw 2 of its levels.
You visited the Abyss 1 time.

You collected 25 gold pieces.

Inventory:

Hand weapons
 a - a +2 falchion (weapon)
Missiles
 i - 2 throwing nets (quivered)
 j - 19 sling bullets
Armour
 b - a +0 buckler (worn)
 e - a cursed +0 chain mail (worn)
 f - a +0 pair of gloves (worn)
Jewellery
 g - an amulet of warding (around neck)
Comestibles
 c - 2 bread rations
 d - a meat ration


   Skills:
 * Level 3.7(3.6) Fighting
 - Level 1.7(1.6) Long Blades
 * Level 1.8(1.7) Armour
 * Level 1.2(1.1) Dodging
 * Level 0.2(0.1) Shields
 * Level 2.5(2.4) Invocations


You had 2 spell levels left.
You didn't know any spells.

Dungeon Overview and Level Annotations

Branches:
Dungeon (2/15)

Altars:
Vehumet

Annotations:
D:2 Crazy Yiuf


Innate Abilities, Weirdness & Mutations

You have hooves in place of feet.
Armour fits poorly on your strangely shaped body.
You cover ground very quickly.
You have extremely tough skin (AC +3).


Message History

Crazy Yiuf hits you with a quarterstaff of chaos.
You bump into the rock wall.
Crazy Yiuf hits you but does no damage.
You miss Crazy Yiuf.
Crazy Yiuf hits you with a quarterstaff of chaos!
Crazy Yiuf burns you.
Crazy Yiuf grits, "Spliff!"
You're too confused to move!
You hit Crazy Yiuf.
Crazy Yiuf is moderately wounded.
Crazy Yiuf hits you with a quarterstaff of chaos.
You are poisoned.
You feel sick. Crazy Yiuf hits you but does no damage. You partially resist.
You feel drained.
Crazy Yiuf screams, "Spliff down bag!"
Crazy Yiuf hits you but does no damage.
You blink.
You feel sick.
Crazy Yiuf cries, "You leg down broken song, no?"
Crazy Yiuf hits you with a quarterstaff of chaos!
You die...

#.# ###.# #####
#.#############.####....
#............>.......##.# #
#############.#.###..##.# ####
#.#......##.# #...
#.######..#.# #... ###### #.#
##.#.###...
#######....###.#######.........
#......(....).@...........)....
#).#...#.......g...............
#.###(###......................
#..#...#.......§......[.....#.#
#...._......................#.#
#..#(..#.....####....###....#.#
##.###.###....# ##..## #....#.#
#...#...#..#### ♣....♣ #....#.#
#..........#### ♣♣...♣ #....#


You could see Crazy Yiuf.

Vanquished Creatures
  Ijyb (D:2)
  2 adders (D:2)
  3 giant cockroaches
  3 goblins
  2 hobgoblins
  3 jackals (D:1)
  3 kobolds
  A ball python (D:1)
  2 bats (D:1)
  A giant newt (D:1)
  5 rats
26 creatures vanquished.

Notes
Turn   | Place    | Note
--------------------------------------------------------------
     0 | Abyss:1  | Chiseanne, the Centaur Abyssal Knight, began the quest for the Orb.
     0 | Abyss:1  | Reached XP level 1. HP: 19/19 MP: 1/1
    32 | Abyss:1  | Noticed a spatial maelstrom
    33 | Abyss:1  | Noticed a raiju
    35 | D:1      | Escaped the Abyss
   186 | D:1      | Acquired Lugonu's first power
   201 | D:1      | Reached skill level 1 in Dodging
   201 | D:1      | Reached XP level 2. HP: 17/26 MP: 2/2
   795 | D:2      | Reached XP level 3. HP: 26/31 MP: 4/4
   799 | D:2      | Noticed Ijyb
   819 | D:2      | Killed Ijyb
  1166 | D:2      | Found a radiant altar of Vehumet.
  1213 | D:2      | Noticed Crazy Yiuf
  1264 | D:2      | Slain by Crazy Yiuf

Action                   || total
-------------------------++-------
Melee: Falchion          ||   103
Invok: Depart the Abyss  ||     1
  Use: Scroll            ||     1
       Potion            ||     1
  Eat: Chunk             ||     1
